 Dungeon Crawl Stone Soup version 0.27-a0-1202-ge72e49191c (webtiles) character file.

Game seed: 17998058229469289800

23 robertstho the Caller (level 2, 0/22 HPs)
             Began as a Deep Elf Summoner on June 4, 2021.
             Succumbed to Sigmund's poison
             ... on level 1 of the Dungeon.
             The game lasted 00:02:49 (1489 turns).

robertstho the Caller (Deep Elf Summoner)           Turns: 1489, Time: 00:02:49

Health: 0/22       AC: 21    Str:  5    XL:     2   Next: 75%
Magic:  5/8        EV:  2    Int: 19    God:
Gold:   17         SH:  0    Dex: 15    Spells: 7/8 levels left

rFire    . . .     SeeInvis .   c - +2 dagger (vamp)
rCold    . . .     Faith    .   (no shield)
rNeg     + + +     Spirit   .   (armour currently unavailable)
rPois    +         Reflect  .   (helmet currently unavailable)
rElec    .         Harm     .   (cloak currently unavailable)
rCorr    .         Rampage  .   (gloves currently unavailable)
Will     .....     NoTele   +   (boots currently unavailable)
Stlth    ++........             (no amulet)
HPRegen  0.07/turn              (no ring)
MPRegen  0.11/turn              (no ring)

@: lethally poisoned (0 -> -11), tree-form
A: stationary, stasis, torment immunity, boosted hp
a: no special abilities


You were on level 1 of the Dungeon.
You were a tree.
You visited 1 branch of the dungeon, and saw 2 of its levels.

You collected 17 gold pieces.

Inventory:

Hand Weapons
 b - a +0 whip
 c - a +2 vampiric dagger (weapon)
Armour
 a - a +0 robe (melded)


   Skills:
 * Level 0.2 Fighting
 + Level 2.4 Dodging
 * Level 2.7 Stealth
 * Level 3.6 Spellcasting
 * Level 4.8 Summonings


You had 7 spell levels left.
You knew the following spells:

 Your Spells              Type           Power      Damage    Failure   Level
a - Summon Small Mammal   Summ           88%        N/A       1%          1

Your spell library contained the following spells:

 Spells                   Type           Power      Damage    Failure   Level
 Call Imp                 Summ           22%        N/A       3%          2
 Call Canine Familiar     Summ           22%        N/A       6%          3
 Corona                   Hex            3%         N/A       14%         1
 Summon Guardian Golem    Hex/Summ       12%        N/A       16%         3
 Ensorcelled Hibernation  Hex/Ice        6%         N/A       22%         2
 Confusing Touch          Hex            3%         N/A       41%         3
 Dazzling Flash           Conj/Hex       6%         N/A       41%         3
 Tukima's Dance           Hex            3%         N/A       41%         3
 Summon Ice Beast         Ice/Summ       12%        N/A       45%         4
 Summon Lightning Spire   Summ/Air       12%        N/A       45%         4


Dungeon Overview and Level Annotations

Branches:
Dungeon (2/15)

Altars:

Annotations:
D:1 Sigmund


Message History

Unknown command.
Done exploring.
(D) Dungeon
Where to? (Enter - D:1 @ (x,y), ? - help)
There is a stone staircase leading down here.
You climb downwards.
Sigmund the Dreaded comes into view.
He is wielding a +2 scythe of venom and wearing a +2 robe of positive energy.
Sigmund shouts!
Found 30 arrows and 9 gold pieces.
Found a stone staircase leading down.
There is a stone staircase leading up here.
Sigmund hits you with a +2 scythe of venom.
You are lethally poisoned!
You climb upwards.
You feel very sick.
There is a stone staircase leading down here.
* * * LOW HITPOINT WARNING * * *
You feel sick. Sigmund casts a spell at you.
You resist with significant effort.
It was a potion of lignification.
You turn into a tree.
Your +0 robe melds into your body.
Your roots penetrate the ground.
* * * LOW HITPOINT WARNING * * *
You feel sick. Sigmund hits you but does no damage.
You aren't carrying any potions.
You aren't carrying any items that you can evoke.
You aren't carrying any scrolls.
Casting: Summon Small Mammal (safe; 1% risk of failure)
Press: ? - help, Q - select action Dir - look around, f - activate
* * * LOW HITPOINT WARNING * * *
You feel sick. Sigmund hits you but does no damage.
Unknown command.
Casting: Summon Small Mammal (safe; 1% risk of failure)
Press: ? - help, Q - select action Dir - look around, f - activate
* * * LOW HITPOINT WARNING * * *
You feel sick. Sigmund hits you but does no damage.
You are more poisoned.
Unknown command.
Casting: Summon Small Mammal (safe; 1% risk of failure)
Press: ? - help, Q - select action Dir - look around, f - activate You die...

############ #..........###
######.######...r.###########
#...##.#.####.#>♣.b.........#
#.#.##..#.....@r#.#####.....#
..#....#.#..................#
#####......##......####.....#
..#........####.##.## #.....#
#.#.##.###.####.#...#####.#.#####
#.....[# #.......#.#.####.#......
##.#>#.###.####..............####
##.#.#.....# ##.#.#.#####.#.#


You could see Sigmund (ally target), 2 friendly quokkas and a friendly bat
(summoned).

Vanquished Creatures
  A rat (D:1)
1 creature vanquished.

Vanquished Creatures (collateral kills)
  4 dart slugs (D:1)
  A ball python (D:1)
  A bat (D:1)
  2 endoplasms (D:1)
  2 giant cockroaches (D:1)
  2 goblins (D:1)
  2 hobgoblins (D:1)
  7 jackals (D:1)
  3 quokkas (D:1)
  A frilled lizard (D:1)
  3 kobolds (D:1)
28 creatures vanquished.

Grand Total: 29 creatures vanquished

Notes
Turn   | Place    | Note
-------+----------+-------------------------------------------
     0 | D:1      | robertstho the Deep Elf Summoner began the quest for the
                  | Orb.
     0 | D:1      | Reached XP level 1. HP: 10/10 MP: 6/6
   433 | D:1      | Reached XP level 2. HP: 15/15 MP: 1/8
  1482 | D:2      | Noticed Sigmund
  1489 | D:1      | Succumbed to Sigmund's poison

Illustrated notes

Levels and vault maps discovered:
D:1:      sevenhm_arrival_forest_fort_large_4, layout_loops_ring
D:2:      wander_river, layout_basic, uniq_sigmund

Action                   || total
-------------------------++-------
Melee: Dagger            ||     6
 Cast: Summon Small Mamm ||    62
  Use: Scroll            ||     1
       Potion            ||     1
 Stab: Sleeping          ||     1
Armor: Robe              ||     5
       Skin              ||     3
Dodge: Dodged            ||     8

Table legend: (Time is in decaauts)
 A = Elapsed time spent in this place.
 B = Non-inter-level travel time spent in this place.
 C = Inter-level travel time spent in this place.
 D = Time resting spent in this place.
 E = Time spent auto-exploring this place.
 F = Levels seen in this place.
 G = Mean time per level.
                   A        B        C        D        E       F      G
               +--------+--------+--------+--------+--------+-----+--------+
         Total |   1488 |   1406 |     82 |      0 |   1132 |   2 |  744.0 |
       Dungeon |   1488 |   1406 |     82 |      0 |   1132 |   2 |  744.0 |
               +--------+--------+--------+--------+--------+-----+--------+

Top non-repeatable levels by time:
     D:1: 1486 daAuts
     D:2: 1 daAuts
